Map: Abyssal Reef LE

Players

Pain - Winner!

  • Race: Terran Terran
  • Spawn Location: 5:00

A.I. 1 (Easy)

  • Race: Protoss Protoss
  • Spawn Location: 11:00

VOD

Have the link to the VOD?

Description

Time

  • Played on: Sept. 3, 2017, 9:50 p.m.
  • Length: 11:08
Show
View Real Time Build Order
Export as new Build Order

Pain Terran - Winner!

Build Orders:  

Get SALT Encoding   

  12  0:03  SCV  
  13  0:14  Refinery  
  13  0:25  SCV  
  14  0:33  Supply Depot  
  14  0:37  SCV  
  15  1:00  Barracks  
  15  1:04  Supply Depot  
  15  1:45  Command Center  
  15  1:53  SCV  
  16  2:05  SCV, Bunker  
  16  2:06  Barracks Reactor  
  17  2:18  SCV  
  17  2:21  Supply Depot  
  18  2:28  Refinery  
  18  2:30  SCV  
  19  2:42  SCV  
  20  2:48  Marine x2  
  22  3:01  Bunker  
  22  3:06  Marine x2  
  22  3:11  Supply Depot  
  24  3:14  SCV  
  25  3:26  SCV  
  26  3:34  Marine x2  
  26  3:38  SCV  
  26  3:39  SCV  
  30  3:49  Supply Depot  
  30  3:51  SCV  
  30  3:52  SCV, Marine  
  33  4:05  Barracks  
  33  4:18  Engineering Bay  
  33  4:23  Marine x2  
  35  4:40  Marine  
  35  4:41  Marine  
  37  4:52  Factory  
  37  5:09  SCV  
  37  5:11  Barracks Reactor  
  38  5:21  SCV, Marine  
  39  5:22  Marine  
  41  5:33  SCV  
  42  5:39  Marine x2  
  44  5:45  SCV  
  44  5:46  Missile Turret  
  43  5:50  Marine x2  
  43  5:56  Hellion  
  47  5:57  Marine x2  
  47  6:08  Marine x2  
  49  6:15  Marine x2  
  49  6:18  Hellion  
  53  6:26  Marine  
  53  6:29  Marine  
  55  6:33  Marine x2  
  55  6:39  Hellion, Supply Depot  
  59  6:44  Marine  
  59  6:46  Marine  
  61  6:51  Terran Infantry Weapons Level 1, Marine x2  
  63  7:01  Hellion, Marine  
  65  7:04  Marine  
  67  7:08  Marine  
  68  7:19  Marine  
  68  7:22  Hellion, Marine  
  72  7:24  Armory  
  72  7:36  SCV  
  73  7:37  Marine  
  73  7:40  Marine  
  73  7:43  Hellion  
  77  7:44  SCV  
  78  7:58  Supply Depot  
  78  8:04  Supply Depot  
  78  8:19  SCV x2, Marine x2  
  82  8:28  Marine x2  
  82  8:31  SCV x2  
  86  8:37  Marine x2  
  88  8:45  Terran Infantry Armor Level 1  
  88  8:46  Marine x2  
  90  8:55  Marine x2  
  92  9:02  Factory Reactor  
  92  9:03  Marine  
  92  9:04  Marine  
  94  9:36  Marine x2  
  94  9:37  Marine  
  94  9:40  Marine  
  91  9:53  Marine x2  
  91  9:55  Marine  
  94  10:30  Marine  
Show
View Real Time Build Order
Export as new Build Order

A.I. 1 (Easy) Protoss 

Build Orders:  

Get SALT Encoding   

  12  0:01  Probe (Chrono Boost)  
  13  0:11  Probe (Chrono Boost)  
  14  0:19  Pylon  
  14  0:22  Probe (Chrono Boost)  
  15  0:37  Probe (Chrono Boost)  
  15  0:39  Gateway  
  16  0:44  Assimilator  
  16  0:53  Pylon  
  16  1:15  Assimilator  
  16  1:28  Zealot  
  16  1:29  Cybernetics Core  
  18  1:45  Probe (Chrono Boost)  
  19  1:57  Pylon  
  19  2:00  Probe (Chrono Boost)  
  20  2:01  Warp Gate  
  20  2:04  Adept  
  22  2:12  Probe (Chrono Boost)  
  24  2:24  Probe (Chrono Boost)  
  24  2:29  Adept  
  24  2:36  Probe (Chrono Boost)  
  27  2:48  Probe (Chrono Boost)  
  28  2:54  Stalker  
  30  5:23  Sentry  
  30  5:24  Probe (Chrono Boost)  
  30  5:25  Pylon  
  33  5:34  Nexus  
  33  5:45  Zealot  
  33  5:46  Robotics Facility, Probe (Chrono Boost)  
  36  5:50  Pylon  
  36  5:57  Probe (Chrono Boost)  
  37  6:07  Stalker  
  37  6:08  Probe (Chrono Boost)  
  32  6:29  Sentry  
  32  6:32  Observer  
  35  6:48  Probe (Chrono Boost)  
  35  6:52  Stalker, Probe (Chrono Boost)  
  35  6:53  Observer  
  40  6:55  Assimilator  
  40  6:56  Assimilator  
  40  6:59  Probe (Chrono Boost)  
  41  7:02  Probe (Chrono Boost)  
  42  7:11  Probe (Chrono Boost)  
  42  7:13  Probe (Chrono Boost)  
  42  7:14  Zealot  
  46  7:22  Probe (Chrono Boost)  
  46  7:23  Probe (Chrono Boost)  
  47  7:34  Probe x2 (Chrono Boost)  
  47  7:36  Adept  
  51  7:45  Probe x2 (Chrono Boost)  
  53  7:55  Probe (Chrono Boost)  
  53  7:56  Probe (Chrono Boost)  
  55  8:06  Probe (Chrono Boost)  
  55  8:07  Probe (Chrono Boost)  
  57  8:16  Probe (Chrono Boost)  
  57  8:18  Probe (Chrono Boost)  
  59  8:27  Probe (Chrono Boost)  
  59  8:28  Probe (Chrono Boost)  
  61  8:38  Probe (Chrono Boost)  
  61  8:39  Probe (Chrono Boost)  
  61  8:41  Pylon  
  64  8:48  Probe (Chrono Boost)  
  64  8:49  Probe (Chrono Boost)  
  64  8:55  Observer  
  65  9:37  Sentry  
  61  9:42  Pylon  
  53  9:49  Immortal  
  45  9:53  Probe (Chrono Boost)  
  44  10:05  Probe (Chrono Boost)  
  44  10:06  Zealot  
  31  10:15  Gateway  
  31  10:17  Forge, Probe (Chrono Boost)  
  35  10:29  Probe (Chrono Boost)  
  35  10:31  Nexus  
  35  10:35  Robotics Bay  
  31  10:39  Assimilator  
  31  10:40  Stargate  
  32  10:43  Assimilator  
  27  10:51  Pylon  
Tags
 
Matchup
PvT
Replay Pack
RP
Spawn Locations
Cross Positions
Add a new tag
Caveats
  • Supply blocks, unpowered buildings, or Contaminate may cause inaccurate times.
  • Supply counts are checked every 10 seconds.